 Dungeon Crawl Stone Soup version 0.29-a0-1052-g6990b1bffc (webtiles) character file.

Game seed: 12428976513138262151

115005 Turgor the Brawler (level 16, -3/130 HPs)
             Began as a Demonspawn Gladiator on Aug 16, 2022.
             Was a Priest of Ashenzari.
             Killed from afar by a swamp worm (17 damage)
             ... with a harpoon shot
             ... called by a spriggan druid
             ... on level 3 of the Swamp on Aug 17, 2022.
             The game lasted 01:48:27 (33312 turns).

Turgor the Brawler (Demonspawn Gladiator)          Turns: 33312, Time: 01:48:28

Health: -3/130     AC: 22    Str: 26    XL:     16   Next: 17%
Magic:  25/25      EV: 10    Int: 10    God:    Ashenzari [***...]
Gold:   1293       SH:  0    Dex: 16    Spells: 12/27 levels left

rFire   + . .      SeeInvis +     - Unarmed
rCold   . . .      Faith    .   (no shield)
rNeg    . . .      Spirit   .   F - +2 plate armour "All-seeing Fanaticism" {rF+, Fort, Comp} (curse)
rPois   +          Reflect  .   c - +0 helmet "Submission of Ashenzari" {Elem, Fort} (curse)
rElec   .          Harm     .   M - +0 cloak
rCorr   +          Rampage  .   (gloves unavailable)
Will    +....      Clarity  +   K - +0 pair of boots of the Unyielding Gaze {Comp, Fort} (curse)
Stlth   ..........              E - amulet of the Wild Blue Yonder {RegenMP, Bglg, Comp} (curse)
HPRegen 0.31/turn               N - ring of Greed {rPois rCorr Str+7 Int-4 Dex+2}
MPRegen 0.59/turn               I - ring "Yoke of the Eternal God" {SInv, Elem, Melee} (curse)

@: corroded
A: claws 3, icy blue scales 2, spiny 2, demonic magic 3
a: Renounce Religion, Curse Item, Shatter the Chains


You were on level 3 of the Swamp.
You worshipped Ashenzari.
Ashenzari was most pleased with you.
You visited 6 branches of the dungeon, and saw 25 of its levels.

You collected 2324 gold pieces.
You spent 1031 gold pieces at shops.

Inventory:

Hand Weapons
 z - the +8 trident "Vips" {freeze, Int+4 Dex+6}
   (You found it on level 4 of the Dungeon)

   It freezes those it strikes, dealing additional cold damage.
   It can also slow down cold-blooded creatures.
   Int:       It affects your intelligence (+4).
   Dex:       It affects your dexterity (+6).
Missiles
 d - 2 throwing nets
 e - 5 javelins
 G - 35 poisoned darts (quivered)
 H - 3 silver boomerangs
 P - 3 curare-tipped darts
Armour
 c - the cursed +0 helmet "Submission of Ashenzari" (worn) {Elem, Fort}

   It has a curse which improves the following skills: Elements: Fire Magic, Ice
   Magic, Air Magic and Earth Magic.
   Fortitude: Armour and Shields.
 B - a +0 buckler
 F - the cursed +2 plate armour "All-seeing Fanaticism" (worn) {rF+, Fort, Comp}
   (You took it off an orc warrior on level 6 of the Dungeon)

   It has a curse which improves the following skills: Fortitude: Armour and
   Shields.
   Companions: Summonings and Necromancy.
 K - the cursed +0 pair of boots of the Unyielding Gaze (worn) {Comp, Fort}
   (You found it on level 9 of the Dungeon)

   It has a curse which improves the following skills: Companions: Summonings
   and Necromancy.
   Fortitude: Armour and Shields.
 M - a +0 cloak (worn)
Jewellery
 a - a ring of resist corrosion
 C - a ring of flight
 E - the cursed amulet of the Wild Blue Yonder (around neck) {RegenMP, Bglg, Comp}
   (You found it on level 5 of the Lair of Beasts)

   [amulet of magic regeneration]

   It increases your rate of magic regeneration.
   It has a curse which improves the following skills: Beguiling: Conjurations,
   Hexes and Translocations.
   Companions: Summonings and Necromancy.
 I - the cursed ring "Yoke of the Eternal God" (right claw) {SInv, Elem, Melee}
   (You found it on level 7 of the Dungeon)

   [ring of see invisible]

   SInv:      It lets you see invisible.
   It has a curse which improves the following skills: Elements: Fire Magic, Ice
   Magic, Air Magic and Earth Magic.
   Melee Combat: Short Blades, Long Blades, Axes, Maces & Flails, Polearms,
   Staves and Unarmed Combat.
 L - a ring of protection from fire
 N - the ring of Greed (left claw) {rPois rCorr Str+7 Int-4 Dex+2}
   (You bought it in a shop on level 2 of the Orcish Mines)

   [ring of resist corrosion]

   Str:       It affects your strength (+7).
   Int:       It affects your intelligence (-4).
   Dex:       It affects your dexterity (+2).
   rPois:     It protects you from poison.
   rCorr:     It protects you from acid and corrosion.
Wands
 t - a wand of flame (26)
 w - a wand of iceblast (12)
 D - a wand of polymorph (25)
 R - a wand of acid (9)
Scrolls
 f - 5 scrolls of blinking
 h - 9 scrolls of teleportation
 i - 2 scrolls of butterflies
 k - 10 scrolls of poison
 l - 4 scrolls of fear
 m - 3 scrolls of amnesia
 n - 3 scrolls of silence
 o - 5 scrolls of enchant armour
 v - 3 scrolls of immolation
 y - 7 scrolls of magic mapping
 S - a scroll of summoning
Potions
 b - 2 potions of cancellation
 g - 2 potions of lignification
 j - 4 potions of berserk rage
 p - 4 potions of curing
 q - 6 potions of mutation
 r - a potion of magic
 s - 5 potions of heal wounds
 u - 3 potions of brilliance
 x - 6 potions of haste
 A - 2 potions of attraction
 J - a potion of ambrosia
 Q - 5 potions of flight
 U - a potion of might
Miscellaneous
 T - a phantom mirror (inert)


   Skills:
 + Level 13.0 Fighting
 - Level 2.9(4.3) Axes
 - Level 2.0 Throwing
 - Level 11.8(15.0) Armour
 + Level 3.9 Dodging
 * Level 16.4(17.9) Unarmed Combat
 + Level 6.3 Spellcasting
 * Level 8.6(11.8) Summonings
 * Level 8.6(10.3) Translocations
 - Level 3.0 Transmutations
 - Level 2.9(5.0) Earth Magic


You had 12 spell levels left.
You knew the following spells:

 Your Spells              Type           Power      Damage    Failure   Level
a - Apportation           Tloc           46%        N/A       1%          1
b - Passwall              Tmut/Erth      9%         N/A       36%         2
c - Malign Gateway        Summ/Tloc      12%        N/A       100%        7
d - Summon Forest         Summ/Tloc      12%        N/A       38%         5

Your spell library contained the following spells:

 Spells                   Type           Power      Damage    Failure   Level
 Summon Small Mammal      Summ           100%       N/A       1%          1
 Call Canine Familiar     Summ           26%        N/A       3%          3
 Gell's Gravitas          Tloc           23%        N/A       6%          3
 Lesser Beckoning         Tloc           23%        N/A       6%          3
 Teleport Other           Tloc           23%        N/A       6%          3
 Sandblast                Erth           26%        2d8       17%         1
 Animate Armour           Summ/Erth      40%        N/A       38%         4
 Portal Projectile        Hex/Tloc       26%        N/A       43%         3
 Sting                    Tmut/Pois      24%        1d4       58%         1
 Necrotise                Necr           16%        1d4       75%         1
 Shock                    Conj/Air       12%        1d3       77%         1
 Stone Arrow              Conj/Erth      16%        3d8       80%         3
 Poisonous Vapours        Pois/Air       6%         N/A       89%         2
 Petrify                  Tmut/Erth      11%        N/A       95%         4
 Swiftness                Air            3%         N/A       98%         3
 Leda's Liquefaction      Hex/Erth       4%         N/A       99%         4
 Airstrike                Air            1%         2d(1-17)  100%        4
 Olgreb's Toxic Radiance  Pois           3%         N/A       100%        4
 Alistair's Intoxication  Tmut/Pois      4%         N/A       100%        5
 Borgnjor's Vile Clutch   Necr/Erth      4%         N/A       100%        5
 Metabolic Englaciation   Hex/Ice        1%         N/A       100%        5
 Eringya's Noxious Bog    Tmut/Pois      3%         N/A       100%        6
 Statue Form              Tmut/Erth      7%         N/A       100%        6
 Summon Hydra             Summ           13%        N/A       100%        7
 Lehudib's Crystal Spear  Conj/Erth      4%         10d3      100%        8
 Summon Horrible Things   Summ           13%        N/A       100%        8


Dungeon Overview and Level Annotations

Branches:
Dungeon (13/15)            Temple (1/1) D:4            Lair (5/5) D:8
  Swamp (3/4) Lair:2        Snake (1/4) Lair:3        Slime (0/5) Lair:5
    Orc (2/2) D:9             Elf (0/3) Orc:2
 Vaults: D:13-14

Altars:
Ashenzari
Cheibriados
Dithmenos
Fedhas
Hepliaklqana
Kikubaaqudgha
Ru
Uskayaw
Vehumet
Yredelemnul

Shops:
D:2 (   Orc:2 =*[*:

Portals:
Pandemonium: Orc:2

Annotations:
D:12 1 runed translucent door, Wobentar's ghost, journeyman MiBe
Swamp:2 Nikola


Innate Abilities, Weirdness & Mutations

You have claws for hands.
You are mostly covered in icy blue scales. (AC +3)
You are mostly covered in sharp spines.
Spells you cast and wands you use may paralyse nearby enemies.


Message History

The five-headed hydra completely misses you.
The five-headed hydra bites you!
You tear one of the five-headed hydra's heads off!
The four-headed hydra grows two more!
You mangle the six-headed hydra!! You claw the six-headed hydra!
You kill the six-headed hydra!
Unknown command.
You closely miss the eleionoma.
The eleionoma is heavily wounded.
You closely miss the eleionoma.
The eleionoma is heavily wounded.
The goliath frog is no longer paralysed.
The eleionoma hits you. The goliath frog hits you from afar!
* * * LOW HITPOINT WARNING * * *
You are splashed with acid.
You resist.
* * * LOW HITPOINT WARNING * * *
Aiming: Corrosive Bolt
Press: ? - help, Shift-Dir - straight line, f - goliath frog
Aim: a goliath frog (almost dead, strong, covered in acid, 50% to hit)
The bolt of acid misses the eleionoma.
The bolt of acid hits the goliath frog!
You kill the goliath frog!
Malevolent energies surge around you. The eleionoma hits you!
* * * LOW HITPOINT WARNING * * *
Unknown command.
You closely miss the eleionoma.
The eleionoma is heavily wounded.
The eleionoma hits you.
* * * LOW HITPOINT WARNING * * *
You scratch the eleionoma. You claw the eleionoma!
The eleionoma is heavily wounded.
The swamp worm fires a harpoon shot at you.
The harpoon shot hits you but does no damage.
You mangle the eleionoma!!
The eleionoma is almost dead.
The eleionoma hurls a spray of splinters at you.
The spray of wooden splinters hits you!
* * * LOW HITPOINT WARNING * * *
The swamp worm fires a harpoon shot at you.
The harpoon shot hits you!
You die...

.....~..~ .....t~ ,
♣.♣.~..~. ....... , , ~
..~..~~..,...... **
....~..w##..... ,
....~...#....# ~,
*♣~~~.....,.w.#, ,
~♣~.~....##...###. ~ ~
*~ , * ♣§...R........ ~
~, *, ***♣♣.#.#@.##....
~ * ♣♣..#.#†.##...# * ,
♣♣♣...###........ , ♣~
♣.♣♣.......##.#.. ♣~
♣♣.♣..~......### * ,
♣~.♣.~~~..~~.......~ *
♣♣ ♣~.♣♣..~§~♣....~~..~♣
~♣♣♣~.~~~~.~♣♣♣♣...~..♣♣
~~...~~.....♣ ♣♣♣♣~♣♣♣


You could see an eleionoma and a swamp worm.

Vanquished Creatures
  A thorn hunter (Swamp:2)
  Kirke (D:13)
  A fenstrider witch (Swamp:2)
  Aizul (Swamp:2)
  3 bunyips
  4 eleionomae
  A fire dragon (Lair:5)
  9 hydras
  A boulder beetle (Lair:2)
  Fannar (Orc:1)
  A ghost crab (Swamp:3)
  9 two-headed ogres
  3 demonspawn
  3 alligators
  19 death yaks
  Urug (Lair:3)
  Amaemon (Lair:2)
  8 orc high priests (Orc:2)
  A spriggan druid (Swamp:1)
  2 goliath frogs (Swamp:3)
  4 bog bodies
  5 orc knights
  A necromancer (D:9)
  A lindwurm (Lair:5)
  An oklob plant (Lair:2)
  A deep elf pyromancer (D:12)
  7 orc sorcerers
  7 cyclopes
  10 elephants (Lair:1)
  2 manticores
  8 black mambas
  A rust devil (Orc:2)
  Maurice (Orc:2)
  A guardian serpent (Lair:3)
  2 molten gargoyles (Lair:5)
  2 torpor snails
  3 gargoyles
  An orange demon (Lair:2)
  An unseen horror (D:12)
  A smoke demon (Orc:2)
  13 komodo dragons
  10 cane toads
  4 rime drakes
  A rime drake (shapeshifter) (D:10)
  A kobold demonologist (D:10)
  Maggie (D:6)
  An ice devil (Orc:2)
  A bloated husk (Swamp:3)
  A queen bee (D:11)
  6 tyrant leeches
  7 trolls
  10 hornets
  A polar bear (Lair:4)
  11 dream sheep
  25 blink frogs
  6 slime creatures (D:13)
  A shadow (D:12)
  48 yaks
  A ynoxinul (Orc:2)
  A vampire (D:9)
  Sigmund (D:4)
  4 wyverns
  3 hogs (D:13)
  12 spriggans
  6 basilisks
  A steam dragon (Lair:5)
  4 vampire mosquitoes (D:11)
  A chaos spawn (Orc:2)
  5 wargs (Orc:2)
  Menkaure (D:4)
  3 acid dragons
  13 swamp worms
  15 water moccasins
  4 hell hounds (Lair:5)
  33 orc warriors
  3 swamp drakes
  4 black bears
  An ice beast (D:8)
  2 sky beasts
  4 ogres
  4 centaurs
  6 kobold brigands
  A gnoll sergeant (D:9)
  12 bullfrogs
  5 scorpions
  7 wights
  18 killer bees
  7 howler monkeys
  An electric eel (Lair:2)
  5 lava snakes (Lair:5)
  4 hounds
  19 orc priests
  2 gnoll boudas
  4 iguanas
  Jessica (D:3)
  Ijyb (D:3)
  Natasha (thrice) (D:2)
  4 polar bear simulacra (D:9)
  23 orc wizards
  2 hell rats (Lair:4)
  A yak simulacrum (D:9)
  3 wolf simulacra (D:9)
  Robin (D:3)
  16 gnolls
  4 river rats (Lair:4)
  8 adders
  A shadow imp (D:6)
  An ufetubus (D:7)
  4 worms
  2 dart slugs
  78 orcs
  7 endoplasms
  2 giant cockroaches (D:2)
  10 goblins
  14 hobgoblins
  6 jackals (D:4)
  3 quokkas
  6 ball pythons
  7 bats
  4 frilled lizards
  39 kobolds
  8 rats
  3 river rat simulacra (D:9)
  2 bushes (D:5)
760 creatures vanquished.

Vanquished Creatures (collateral kills)
  2 hydras (Swamp:1)
2 creatures vanquished.

Vanquished Creatures (others)
  A spriggan druid (Swamp:3)
  A swamp dragon (Swamp:3)
  3 humans (D:13)
  A swamp worm (Swamp:3)
  45 fungi
  69 plants
  2 withered plants (D:12)
122 creatures vanquished.

Grand Total: 884 creatures vanquished

Notes
Turn   | Place    | Note
-------+----------+-------------------------------------------
     0 | D:1      | Turgor the Demonspawn Gladiator began the quest for the
                  | Orb.
     0 | D:1      | Reached XP level 1. HP: 16/16 MP: 1/1
   228 | D:1      | Gained mutation: You have sharp fingernails. [demonic
                  | ancestry]
   228 | D:1      | Reached XP level 2. HP: 22/22 MP: 2/2
   895 | D:2      | Identified the +2 ring mail of Zin's Righteous Fury {rN++
                  | Stlth+}
   922 | D:2      | Reached skill level 1 in Unarmed Combat
  1042 | D:2      | Gained mutation: Spells you cast may paralyse adjacent
                  | enemies. [demonic ancestry]
  1042 | D:2      | Reached XP level 3. HP: 27/28 MP: 3/3
  1057 | D:2      | Found Hyonkuss's Weapon Boutique.
  1111 | D:2      | Noticed Natasha
  1130 | D:2      | Killed Natasha
  1359 | D:2      | Reached skill level 2 in Unarmed Combat
  1544 | D:2      | Noticed Natasha
  1555 | D:2      | Reached XP level 4. HP: 30/34 MP: 4/4
  1573 | D:2      | Killed Natasha
  1622 | D:2      | Noticed Natasha
  1640 | D:2      | Killed Natasha
  2175 | D:3      | Found a basalt altar of Yredelemnul.
  2193 | D:3      | Gained mutation: You are partially covered in icy blue
                  | scales. (AC +2) [demonic ancestry]
  2193 | D:3      | Reached XP level 5. HP: 25/41 MP: 5/5
  2369 | D:3      | Reached skill level 3 in Unarmed Combat
  2478 | D:3      | Noticed Robin
  2482 | D:3      | Killed Robin
  2711 | D:3      | Noticed Ijyb
  2716 | D:3      | Learned a level 1 spell: Apportation
  2735 | D:3      | Killed Ijyb
  3133 | D:3      | Noticed Jessica
  3142 | D:3      | Killed Jessica
  3456 | D:4      | Noticed a sky beast
  3477 | D:4      | Killed a sky beast
  3478 | D:4      | Reached skill level 4 in Unarmed Combat
  3478 | D:4      | Gained mutation: You have very sharp fingernails. [demonic
                  | ancestry]
  3478 | D:4      | Reached XP level 6. HP: 34/48 MP: 6/6
  3803 | D:4      | Noticed Sigmund
  3808 | D:4      | Killed Sigmund
  3809 | D:4      | Reached skill level 5 in Unarmed Combat
  3809 | D:4      | Gained mutation: You are partially covered in sharp spines.
                  | [demonic ancestry]
  3809 | D:4      | Reached XP level 7. HP: 46/55 MP: 7/7
  3876 | D:4      | Noticed Menkaure
  3884 | D:4      | Killed Menkaure
  4016 | D:4      | Reached skill level 5 in Fighting
  4074 | D:4      | Reached skill level 6 in Unarmed Combat
  4185 | D:4      | Identified the +8 trident "Vips" {freeze, Int+4 Dex+6}
  4448 | D:4      | Found a staircase to the Ecumenical Temple.
  4455 | Temple   | Entered the Ecumenical Temple
  4491 | Temple   | Became a worshipper of Ashenzari the Shackled
  4842 | D:5      | Entered Level 5 of the Dungeon
  4865 | D:5      | Reached XP level 8. HP: 63/63 MP: 8/8
  4911 | D:5      | Reached skill level 1 in Armour
  5225 | D:5      | Reached skill level 7 in Unarmed Combat
  6142 | D:6      | HP: 1/64 [orc warrior/+0 long sword of flaming (3)]
  6477 | D:6      | Noticed Maggie
  6522 | D:6      | Reached skill level 8 in Unarmed Combat
  6547 | D:6      | Gained mutation: You are mostly covered in sharp spines.
                  | [demonic ancestry]
  6547 | D:6      | Reached XP level 9. HP: 47/71 MP: 9/9
  6685 | D:6      | Killed Maggie
  6743 | D:6      | Reached * piety under Ashenzari
  6835 | D:6      | Found a sacrificial altar of Ru.
  7343 | D:6      | Found a snail-covered altar of Cheibriados.
  7425 | D:7      | Reached skill level 9 in Unarmed Combat
  7566 | D:7      | Reached ** piety under Ashenzari
  7602 | D:7      | Found a faded altar of an unknown god.
  7602 | D:7      | Found a hazy altar of Hepliaklqana.
  7602 | D:7      | Found a faded altar of an unknown god.
  7789 | D:7      | Found an ancient bone altar of Kikubaaqudgha.
  7961 | D:7      | Noticed a two-headed ogre
  7967 | D:7      | Killed a two-headed ogre
  7968 | D:7      | Reached skill level 10 in Unarmed Combat
  8640 | D:8      | Reached XP level 10. HP: 62/83 MP: 10/10
  8777 | D:8      | Noticed a two-headed ogre
  8784 | D:8      | Killed a two-headed ogre
  9053 | D:8      | Noticed a two-headed ogre
  9369 | D:8      | Found a staircase to the Lair.
  9545 | D:8      | Killed a two-headed ogre
  9546 | D:8      | Reached skill level 11 in Unarmed Combat
  9609 | D:9      | Found a staircase to the Orcish Mines.
 10149 | D:9      | Reached skill level 5 in Armour
 10561 | D:9      | Found a hide-covered altar of Uskayaw.
 10732 | D:9      | Noticed a necromancer
 10753 | D:9      | Killed a necromancer
 10754 | D:9      | Reached XP level 11. HP: 92/92 MP: 11/11
 10893 | D:10     | Entered Level 10 of the Dungeon
 10979 | D:10     | Reached skill level 12 in Unarmed Combat
 11006 | D:10     | Noticed a two-headed ogre
 11022 | D:10     | Killed a two-headed ogre
 11489 | D:10     | Reached *** piety under Ashenzari
 11726 | D:10     | Upgraded the game from 0.29-a0-1047-g7c58e119a4 to
                  | 0.29-a0-1052-g6990b1bffc
 11741 | D:11     | Noticed a two-headed ogre
 11758 | D:11     | Killed a two-headed ogre
 11759 | D:11     | Reached skill level 10 in Fighting
 11769 | D:11     | HP: 3/94 [gargoyle/stone arrow (24)]
 12212 | D:11     | Noticed a four-headed hydra
 12456 | D:11     | Reached skill level 13 in Unarmed Combat
 12724 | D:11     | Noticed a two-headed ogre
 12733 | D:11     | Killed a two-headed ogre
 12920 | D:11     | Noticed a two-headed ogre
 12928 | D:11     | Killed a two-headed ogre
 12929 | D:11     | Gained mutation: Spells you cast may paralyse nearby
                  | enemies. [demonic ancestry]
 12929 | D:11     | Reached XP level 12. HP: 77/102 MP: 12/12
 12989 | D:11     | Killed a four-headed hydra
 13980 | D:12     | Noticed a two-headed ogre
 13986 | D:12     | Killed a two-headed ogre
 13990 | D:12     | Learned a level 2 spell: Passwall
 14185 | D:12     | Found a runed translucent door.
 14185 | D:12     | Noticed Wobentar's ghost (journeyman MiBe)
 14304 | D:12     | Reached skill level 14 in Unarmed Combat
 14523 | D:12     | Identified the +1 hand axe "Jocuinakk" {protect, rC+ rCorr}
 14530 | D:12     | Noticed a seven-headed hydra
 14543 | D:12     | Killed a seven-headed hydra
 14544 | D:12     | Reached skill level 1 in Spellcasting
 14544 | D:12     | Reached skill level 1 in Translocations
 14544 | D:12     | Reached skill level 1 in Transmutations
 14544 | D:12     | Reached skill level 1 in Earth Magic
 15354 | D:13     | Noticed Kirke
 15367 | D:13     | Killed Kirke
 16289 | D:13     | Noticed a two-headed ogre
 16297 | D:13     | Killed a two-headed ogre
 16450 | Lair:1   | Entered Level 1 of the Lair of Beasts
 16488 | Lair:1   | Reached XP level 13. HP: 94/111 MP: 18/18
 17558 | Lair:1   | Learned a level 7 spell: Malign Gateway
 18082 | Lair:2   | Reached skill level 1 in Summonings
 18117 | Lair:2   | Learned a level 5 spell: Summon Forest
 18696 | Lair:2   | Found a staircase to the Swamp.
 19504 | Lair:2   | Found a blossoming altar of Fedhas.
 19526 | Lair:2   | Noticed Amaemon
 19536 | Lair:2   | Killed Amaemon
 20231 | Lair:3   | Reached skill level 15 in Unarmed Combat
 20526 | Lair:3   | Noticed Urug
 20537 | Lair:3   | Killed Urug
 20538 | Lair:3   | Gained mutation: Spells you cast and wands you use may
                  | paralyse nearby enemies. [demonic ancestry]
 20538 | Lair:3   | Reached XP level 14. HP: 82/118 MP: 20/22
 20863 | Lair:3   | Found a staircase to the Snake Pit.
 21279 | Lair:3   | Reached skill level 5 in Translocations
 21867 | Lair:4   | Reached skill level 10 in Armour
 22361 | Lair:4   | Reached skill level 5 in Summonings
 23133 | Lair:5   | Entered Level 5 of the Lair of Beasts
 23300 | Lair:5   | HP: 4/119 [death yak (12)]
 24072 | Lair:5   | HP: 5/119 [yak[a torpor snail] (8)]
 24441 | Lair:5   | Found a staircase to the Slime Pits.
 24868 | Lair:5   | Reached skill level 5 in Spellcasting
 25551 | Lair:5   | Gained mutation: You have claws for hands. [demonic
                  | ancestry]
 25551 | Lair:5   | Reached XP level 15. HP: 109/126 MP: 25/25
 25721 | Lair:5   | Found a large runed translucent door.
 25722 | Lair:5   | Found a large runed translucent door.
 26254 | Orc:1    | Entered Level 1 of the Orcish Mines
 26724 | Orc:1    | Noticed Fannar
 26734 | Orc:1    | Killed Fannar
 26972 | Orc:2    | Entered Level 2 of the Orcish Mines
 26972 | Orc:2    | Found a staircase to the Elven Halls.
 27697 | Orc:2    | Noticed Maurice
 27709 | Orc:2    | Killed Maurice
 27765 | Orc:2    | Found Bypo's Book Shop.
 27897 | Orc:2    | Found Xelymorph's General Store.
 27900 | Orc:2    | Found Kysumauv's General Store.
 28117 | Orc:2    | Bought a potion of haste for 140 gold pieces
 28117 | Orc:2    | Bought a potion of haste for 140 gold pieces
 28119 | Orc:2    | Bought a scroll of teleportation for 36 gold pieces
 28119 | Orc:2    | Bought a scroll of teleportation for 36 gold pieces
 28119 | Orc:2    | Bought a potion of ambrosia for 96 gold pieces
 28121 | Orc:2    | Reached **** piety under Ashenzari
 29053 | Orc:1    | Reached skill level 16 in Unarmed Combat
 29231 | Orc:2    | Found a one-way gate leading to the halls of Pandemonium.
 29241 | Orc:2    | Found Doistain's Jewellery Boutique.
 29251 | Orc:2    | Found Noqoduru's Antique Armour Shop.
 29450 | Orc:2    | Bought the ring of Greed {rPois rCorr Str+7 Int-4 Dex+2}
                  | for 583 gold pieces
 29871 | Snake:1  | Entered Level 1 of the Snake Pit
 29931 | Swamp:1  | Entered Level 1 of the Swamp
 31443 | Swamp:2  | Noticed a fenstrider witch
 31443 | Swamp:2  | Paralysed by a fenstrider witch for 4 turns
 31453 | Swamp:2  | Killed a fenstrider witch
 31905 | Swamp:2  | Noticed a thorn hunter
 31914 | Swamp:2  | Killed a thorn hunter
 32031 | Swamp:2  | Noticed Aizul
 32048 | Swamp:2  | Killed Aizul
 32049 | Swamp:2  | Gained mutation: You are mostly covered in icy blue scales.
                  | (AC +3) [demonic ancestry]
 32049 | Swamp:2  | Reached XP level 16. HP: 27/129 MP: 25/25
 32163 | Swamp:2  | Noticed Nikola
 33312 | Swamp:3  | Killed from afar by a swamp worm

Illustrated notes

Levels and vault maps discovered:
D:1:      dpeg_arrival_rhombus, layout_rooms
D:2:      layout_rooms, serial_shops, shop_statue, uniq_natasha
D:3:      layout_basic, yredelemnul_altar_generic, uniq_jessica, uniq_robin,
          uniq_ijyb
D:4:      layout_layer_cave, temple_green, minmay_quadrilaterals, uniq_menkaure,
          uniq_sigmund
D:5:      layout_loops_corners, dk_noncrumbling_3, lexackson_kobold_supper
D:6:      layout_rooms, nicolae_overflow_hidden_temple, nicolae_ru_awakened_eye,
          uniq_maggie
D:7:      layout_loops_ring, nicolae_hepliaklqana_ecumenical_no_more,
          mainiacjoe_overflow_cross_hatched
D:8:      layout_basic, lair_entry_dummy
D:9:      wad_river_or_something, layout_cave_pools, serial_park,
          serial_park_tiny_1, serial_park_tiny_pond, serial_park_tiny_2,
          serial_park_gazebo [serial_park_minivault_5x5_7],
          eino_house_with_fridge
D:10:     layout_rooms
D:11:     layout_cave_pools, serial_column_ruins, column_ruins_grid_5,
          column_ruins_hut, column_ruins_open_tiny, column_ruins_open_tiny,
          column_ruins_columns_straight, column_ruins_open_small,
          column_ruins_corridor_straight, nicolae_looking_at_the_future
D:12:     layout_rooms, gammafunk_ghost_grave, chequers_serial_rivers_micro_d
D:13:     layout_loops_ring, uniq_kirke
Temple:   minmay_crystal_spiral_temple
Lair:1:   layout_small_grid
Lair:2:   layout_hall_layers, nicolae_swamp_entry_splash_gauntlet,
          chequers_serial_rivers_micro_a, tgw_fedhas, serial_bayou_shore_b,
          uniq_amaemon
Lair:3:   layout_cave_pods, minmay_snake_entry_spellcaster, uniq_urug
Lair:4:   layout_hall_layers, kennysheep_abandoned_house, lemuel_fruit_fields
Lair:5:   cheibrodos_lair_end_hotspot, layout_cellular_growth,
          dpeg_slime_entry_enclosed
Swamp:1:  layout_basic_swamp, evilmike_swamp_ruin_house_5, swamp_pool1
Swamp:2:  layout_basic_swamp, nicolae_swamp_orc_logging_accident, swamp_pool1,
          uniq_nikola, uniq_aizul
Swamp:3:  layout_falls_marsh, serial_swamp_ruin, hangedman_swamp_ruin_wall,
          evilmike_swamp_ruin_house_4, evilmike_swamp_ruin_rubble_1
Snake:1:  layout_chambers, basic_altar, nicolae_shop_clearance
Orc:1:    layout_diamond_mine, uniq_fannar
Orc:2:    pf_orc_diabolical, layout_caves, serial_shops,
          nicolae_shop_waterfront, nooodl_orcs_dogs, uniq_maurice

Skill      XL: |  1  2  3  4  5  6  7  8  9 10 11 12 13 14 15 16 |
---------------+-------------------------------------------------+-----
Throwing       | 2 |  2.0
Dodging        | 3 |  3.9
Unarmed Combat | 1 2 4 5 6 8 10 11 13 14 15 16 | 16.4
Fighting       | 3 4 5 6 8 9 10 11 12 13 | 13.0
Armour         | 3 5 7 8 9 10 11 | 11.8
Spellcasting   | 2 3 5 6 |  6.3
Translocations | 2 4 6 8 |  8.6
Transmutations | 2 3 |  3.0
Earth Magic    | 2 |  2.9
Summonings     | 3 6 8 |  8.6
Axes           | |  2.9

Action                   |  1- 3 |  4- 6 |  7- 9 | 10-12 | 13-15 | 16-18 || total
-------------------------+-------+-------+-------+-------+-------+-------++-------
Melee: War axe           |    15 |       |       |       |       |       ||    15
       Unarmed           |   101 |   205 |   317 |   450 |  1078 |    63 ||  2214
       Punch             |     3 |     8 |    16 |    53 |   147 |    12 ||   239
Throw: Throwing net      |     3 |     2 |     1 |       |       |       ||     6
       Dart              |       |       |     2 |     6 |     7 |       ||    15
 Cast: Apportation       |       |       |       |       |     3 |       ||     3
       Passwall          |       |       |       |       |     1 |       ||     1
Invok: Curse Item        |       |       |     4 |     1 |     2 |       ||     7
       Shatter the Chain |       |       |       |       |     2 |       ||     2
Evoke: Wand              |       |     4 |     2 |    10 |    11 |     5 ||    32
       Phantom mirror    |       |       |       |       |     2 |       ||     2
  Use: Potion            |     2 |     1 |     1 |     3 |     5 |     1 ||    13
       Scroll            |       |     5 |     1 |     1 |       |     1 ||     8
 Stab: Sleeping          |     1 |     5 |     4 |     3 |       |       ||    13
       Held in net/web   |       |     2 |       |       |       |       ||     2
       Distracted        |       |     1 |     1 |       |       |       ||     2
       Paralysed         |       |       |       |       |     3 |       ||     3
Armor: Leather armour    |    19 |       |       |       |       |       ||    19
       Ring mail         |    16 |    74 |    69 |   134 |    30 |       ||   323
       Skin              |     3 |       |       |       |       |       ||     3
       Plate armour      |       |       |       |       |   405 |    37 ||   442
Dodge: Dodged            |    64 |    68 |   100 |   206 |   271 |    24 ||   733

Table legend: (Time is in decaauts)
 A = Elapsed time spent in this place.
 B = Non-inter-level travel time spent in this place.
 C = Inter-level travel time spent in this place.
 D = Time resting spent in this place.
 E = Time spent auto-exploring this place.
 F = Levels seen in this place.
 G = Mean time per level.
                   A        B        C        D        E       F      G
               +--------+--------+--------+--------+--------+-----+--------+
         Total |  32819 |  31535 |   1284 |   3999 |  22614 |  25 | 1312.8 |
       Dungeon |  16315 |  15724 |    591 |   1850 |  11422 |  13 | 1255.0 |
        Temple |     61 |     37 |     24 |      0 |     30 |   1 |   61.0 |
          Lair |   9700 |   9283 |    417 |    728 |   7317 |   5 | 1940.0 |
         Swamp |   3347 |   3264 |     83 |    373 |   2455 |   3 | 1115.7 |
     Snake Pit |      1 |      1 |      0 |      0 |      0 |   1 |    1.0 |
  Orcish Mines |   3392 |   3224 |    168 |   1047 |   1389 |   2 | 1696.0 |
               +--------+--------+--------+--------+--------+-----+--------+

Top non-repeatable levels by time:
  Lair:5: 2950 daAuts
   Orc:2: 2219 daAuts
  Lair:1: 2031 daAuts
    D:11: 1791 daAuts
  Lair:2: 1717 daAuts
  Lair:3: 1575 daAuts
    D:12: 1463 daAuts
     D:5: 1457 daAuts
  Lair:4: 1425 daAuts
     D:4: 1330 daAuts
     D:9: 1329 daAuts
     D:3: 1297 daAuts
 Swamp:1: 1296 daAuts
    D:13: 1296 daAuts
     D:2: 1282 daAuts
